cohdb
Replays
Latest Replays
All Replays
Popular Replays
Top Player Replays
Match Explorer
How It Works
Community
CoH3 Stats
Reddit
Sign in to upload your games and track your stats! →
Sign in with Steam
Match 41532235
Unlisted
Match 41532235
Overview
Messages
Build Orders
End
Royal Engineer Section
Selects Canadian Shock Battlegroup
Construct Section Command Post
Dingo Light Scout Car
Infantry Section
Selects Attacking Spirit
Selects Canadian Shock Section
Canadian Shock Section
Construct Platoon Command Post
Humber Armored Car
Selects Incendiary Munitions
Construct Field Infirmary
Infantry Section
Selects Pyrotechnics
Construct Company Command Post
Unlock M3 Grant Medium Tanks
Foot Guards Section
M3 Grant Medium Tank
Infantry Training
M3 Grant Medium Tank
Selects Demolition Engineering
Armored Vehicle Training
Demolition Engineering
rich_2k3
Trunkie88
UH|ck
iceman
0
0
Comments
sign in to comment!
No comments posted yet!